AoeStats
← Chino_malo

Arena

510225457Analyzed
3v3 RM · 14h ago on Sep 30, 2026· 68m 10s· 6 players
Game mode
Random Map
Map size
Normal (6 player)
Population
200
Speed
Normal
Resources
Standard
Victory
Conquest
Starting age
Dark Age
Ending age
Imperial Age
RankedLock teamsTeams togetherTeam positionsShared explorationLock speedFull tech treeHidden civsTurbo modeCheats
Victory
Defeat
🇨🇱 Khmer · Chile
996
+13
🇨🇱 Britons · Chile
930
+16
🇨🇱 Teutons · Chile
930
+16
🇵🇪 Saxons · Peru
964
-17
🇵🇪 Danes · Peru
936
-15
🇵🇪 Bohemians · Peru
887
-13
MASTURBIN
12:10 Feudal Age
16:29 Castle Age
14:29 Horse Collar
14:36 Double-Bit Axe
17:27 Heavy Plow
17:38 Bow Saw
25:53 Loom
26:40 Scale Mail Armor
31:10 Imperial Age
29:17 Wheelbarrow
28:29 Town Watch
29:04 Chain Mail Armor
29:00 Forging
29:44 Squires
30:00 Pikeman
30:25 Arson
31:12 Hand Cart
30:57 Town Patrol
32:05 Stone Mining
32:05 Gold Mining
33:51 Gold Shaft Mining
33:05 Halberdier
34:27 Plate Mail Armor
34:32 Iron Casting
33:50 Clerical Recruitment
34:50 Fletching
34:56 Shield Wall
35:29 Gambesons
35:06 Elite Varangian Guard
37:45 Masonry
37:59 Ballistics
37:50 Fortified Wall
41:27 Bodkin Arrow
42:59 Capped Ram
44:10 Siege Ram
53:54 Hoardings
53:42 Conscription
53:00 Onager
63:08 Hoardings
Rychiplay
10:46 Loom
12:33 Feudal Age
13:41 Double-Bit Axe
14:55 Horse Collar
19:19 Castle Age
18:04 Man-at-Arms
20:51 Bow Saw
20:56 Forging
26:30 Scale Mail Armor
28:13 Heavy Plow
29:32 Gold Mining
29:34 Stone Mining
31:14 Wheelbarrow
33:23 Thumb Ring
34:52 Stone Shaft Mining
34:52 Gold Shaft Mining
37:21 Imperial Age
36:25 Fletching
36:35 Padded Archer Armor
37:00 Ballistics
37:19 Pikeman
37:59 Squires
37:45 Gambesons
37:45 Arson
38:02 Halberdier
41:23 Chemistry
41:37 Leather Archer Armor
41:37 Cranequins
43:41 Elite Skirmisher
44:21 Heavy Scorpion
45:51 Ring Archer Armor
45:16 Bodkin Arrow
46:52 Heavy Mounted Crossbowman
b1t
9:04 Loom
12:31 Feudal Age
17:14 Castle Age
16:18 Double-Bit Axe
16:19 Horse Collar
19:37 Bow Saw
19:30 Heavy Plow
25:36 Wagenburg Tactics
29:18 Imperial Age
32:37 Two-Man Saw
34:10 Chemistry
36:28 Wheelbarrow
38:20 Ballistics
44:36 Hand Cart
49:02 Elite Hussite Wagon
50:09 Siege Engineers
53:38 Onager
Gol D. Pichoyito
10:45 Feudal Age
14:17 Castle Age
12:19 Double-Bit Axe
12:39 Horse Collar
15:22 Bow Saw
24:07 Wheelbarrow
25:03 Gold Mining
25:05 Stone Mining
27:55 Imperial Age
25:47 Heavy Plow
25:34 Loom
25:56 Fletching
27:09 Hand Cart
26:40 Town Watch
27:03 Scale Barding Armor
26:34 Light Cavalry
29:10 Chain Barding Armor
29:00 Forging
29:14 Conscription
30:23 Gold Shaft Mining
30:14 Husbandry
30:51 Plate Barding Armor
30:51 Iron Casting
31:40 Iron Casting
31:31 Warwolf
36:51 Blast Furnace
36:27 Bodkin Arrow
36:49 Siege Engineers
37:05 Ballistics
37:45 Chemistry
37:56 Bracer
39:09 Scale Mail Armor
40:18 Man-at-Arms
40:44 Gambesons
40:59 Squires
40:44 Arson
42:49 Chain Mail Armor
41:56 Long Swordsman
43:11 Two-Handed Swordsman
44:12 Elite Longbowman
45:04 Champion
46:40 Plate Mail Armor
55:42 Onager
57:17 Pikeman
59:57 Padded Archer Armor
60:46 Yeomen
Chino_malo
0:42 Loom
11:22 Feudal Age
12:07 Horse Collar
19:25 Castle Age
17:58 Double-Bit Axe
21:08 Bloodlines
29:53 Imperial Age
29:01 Ironclad
30:23 Fortified Wall
31:06 Heavy Plow
33:00 Scale Barding Armor
33:06 Forging
34:37 Crossbowman
36:08 Iron Casting
36:30 Cavalier
39:29 Elite Teutonic Knight
40:16 Elite Skirmisher
43:36 Chemistry
42:57 Ballistics
47:49 Paladin
50:46 Fletching
50:56 Padded Archer Armor
51:57 Blast Furnace
51:17 Chain Barding Armor
51:37 Scale Mail Armor
54:29 Onager
55:58 Siege Onager
65:31 Gold Mining
Magni
3:43 Loom
10:27 Feudal Age
13:35 Horse Collar
13:42 Double-Bit Axe
18:26 Castle Age
18:07 Gold Mining
18:20 Stone Mining
19:47 Bow Saw
21:54 Scale Barding Armor
23:26 Wheelbarrow
23:05 Husbandry
23:50 Heavy Plow
24:52 Chain Barding Armor
24:51 Bloodlines
25:47 Gold Shaft Mining
27:05 Hand Cart
30:41 Imperial Age
29:49 Stone Shaft Mining
32:11 Plate Barding Armor
32:38 Crop Rotation
33:42 Ballistics
33:59 Ballistics
33:25 Elite Ballista Elephant
35:32 Double Crossbow
35:42 Town Watch
37:32 Forging
39:17 Chemistry
48:58 Masonry
49:11 Siege Engineers
66:28 Light Cavalry
67:54 Iron Casting
67:20 Scale Mail Armor
67:33 Hussar
Connection lost

Rejoining the realm…

Still unreachable

The connection could not be restored.

Session expired

The server has moved on; the page needs a fresh start.